 Dungeon Crawl Stone Soup version 0.31-a0-1074-g0b22e4e0f1 (webtiles) character file.

Game seed: 685470923122549833

14417 Curundu the Slicer (level 11, 0/97 HPs)
             Began as a Red Draconian Berserker on Dec 8, 2023.
             Was an Elder of Trog.
             Slain by an orc warrior
             ... wielding a +0 hand axe
              (6 damage)
             ... on level 1 of the Orcish Mines.
             The game lasted 01:48:53 (14349 turns).

Curundu the Slicer (Red Draconian Berserker)       Turns: 14349, Time: 01:48:55

Health: 0/97       AC: 16    Str: 25    XL:     11   Next: 88%
Magic:  11/11      EV: 18    Int:  6    God:    Trog [****..]
Gold:   124        SH:  8    Dex: 19    Spells: 10/10 levels left

rFire   + . .        q - +4 quick blade
rCold   + . .        F - +2 buckler
rNeg    . . .        (body armour unavailable)
rPois   .            (helmet restricted)
rElec   .            K - +2 cloak
rCorr   .            r - +2 pair of gloves
SInv    .            m - +2 pair of boots {Fly}
Will    +++..        g - amulet of regeneration
Stlth   +++          d - +6 ring of dexterity
HPRegen 2.16/turn    l - ring of protection from cold
MPRegen 0.12/turn

%: no passive effects
@: about to teleport, short of breath, strong-willed, flying, regenerating
A: breathe fire, AC +7, unfitting armour, fire resistance 1, cold-blooded,
strong-willed 1, strong 1
a: Breathe Fire, Renounce Religion, Berserk, Trog's Hand, Brothers in Arms


You were on level 1 of the Orcish Mines.
You worshipped Trog.
Trog was greatly pleased with you.
You visited 3 branches of the dungeon, and saw 15 of its levels.

You collected 870 gold pieces.
You spent 746 gold pieces at shops.

Inventory:

Hand Weapons
 a - a +4 great sword
 q - a +4 quick blade (weapon)
 y - a +4 short sword
Missiles
 D - 2 boomerangs
Armour
 m - a +2 pair of boots of flying (worn)
 r - a +2 pair of gloves (worn)
 A - a scarf of invisibility
 F - a +2 buckler (worn)
 K - a +2 cloak (worn)
Magical Staves
 f - a staff of earth
Jewellery
 d - a +6 ring of dexterity (left hand)
 g - an amulet of regeneration (around neck)
 l - a ring of protection from cold (right hand)
 J - a ring of fire
Wands
 e - a wand of flame (13)
 i - a wand of mindburst (7)
 C - a wand of paralysis (5)
 E - a wand of quicksilver (8)
 I - a wand of digging (2)
Scrolls
 k - a scroll of vulnerability
 p - 2 scrolls of noise
 v - 2 scrolls of revelation
 w - a scroll of torment
 x - 5 scrolls of teleportation
 z - a scroll of blinking
 L - a scroll of identify
Potions
 b - a potion of ambrosia {unknown}
 c - 5 potions of curing
 h - a potion of mutation
 j - 3 potions of degeneration
 n - a potion of invisibility {unknown}
 o - a potion of enlightenment
 s - 4 potions of haste {unknown}
 t - 2 potions of brilliance {unknown}
 u - 2 potions of heal wounds {unknown}
 B - 2 potions of lignification {unknown}
 G - a potion of attraction {unknown}
 H - 2 potions of berserk rage {unknown}


   Skills:
 + Level 9.0 Fighting
 + Level 10.5(11.1) Short Blades
 + Level 5.6(8.8) Long Blades
 + Level 4.0(4.5) Axes
 + Level 3.0(4.0) Maces & Flails
 + Level 0.2 Throwing
 + Level 9.4 Dodging
 + Level 5.2 Stealth
 + Level 5.2 Shields
 + Level 2.1 Evocations


You had 10 spell levels left.
You didn't know any spells.
Your spell library contained the following spells:

 Spells                   Type           Power      Damage    Failure   Level
 Necrotise                Necr           0%         1d4       50%         1
 Slow                     Hex            0%         N/A       50%         1
 Call Canine Familiar     Summ           0%         N/A       86%         3
 Confusing Touch          Hex            0%         N/A       86%         3
 Dazzling Flash           Conj/Hex       0%         N/A       86%         3
 Hailstorm                Conj/Ice       0%         3d3       86%         3
 Sigil of Binding         Hex            0%         N/A       86%         3
 Vampiric Draining        Necr           0%         2d6       86%         3
 Dimensional Bullseye     Hex/Tloc       0%         N/A       99%         4
 Leda's Liquefaction      Hex/Erth       0%         N/A       99%         4
 Summon Ice Beast         Ice/Summ       0%         N/A       99%         4
 Agony                    Necr           0%         N/A       100%        5
 Silence                  Hex/Air        0%         N/A       100%        5
 Simulacrum               Ice/Necr       0%         N/A       100%        6


Dungeon Overview and Level Annotations

Branches:
Dungeon (13/15)            Temple (1/1) D:5            Lair (0/5) D:9
    Orc (1/2) D:12
 Vaults: D:13-14

Altars:
Ashenzari
Cheibriados
Dithmenos
Elyvilon
Fedhas
Gozag
Hepliaklqana
Kikubaaqudgha
Makhleb
Nemelex Xobeh
Okawaru
Qazlal
Ru
Sif Muna
Trog
Uskayaw
Vehumet
Wu Jian
Xom
Yredelemnul
Zin
The Shining One

Shops:
D:2 :(   D:3 :   D:9 [   D:12 *


Innate Abilities, Weirdness & Mutations

You can breathe blasts of fire.
Your fiery red scales are hard. (AC +7)
You cannot fit into any form of body armour.
Your flesh is heat resistant. (rF+)
You are cold-blooded and may be slowed by cold attacks.
You are strong-willed. (Will+)
Your muscles are strong. (Str +4, Int/Dex -1)


Message History

The troll is lightly wounded.
An orc sorcerer comes into view.
It is wielding a +2 dagger of protection and wearing a +2 robe of fire resistance.
The orc warrior barely misses you. The troll misses you.
You block the troll's attack. The troll claws you but does no damage.
You hit the troll. x2
The troll is moderately wounded.
You block the orc warrior's attack.
You hit the troll. x2
The troll is moderately wounded.
The orc warrior hits you with a +0 hand axe!
The troll bites you. The troll claws you but does no damage.
The troll barely misses you. The orc warrior completely misses you.
You hit the troll. x2
You tail-slap the troll, but do no damage.
The troll is heavily wounded.
The orc warrior completely misses you. The troll completely misses you.
The troll claws you but does no damage. The troll claws you!
As you read the scroll of teleportation, it crumbles to dust.
You feel strangely unstable. You block the orc warrior's attack.
The troll bites you!
* * * LOW HITPOINT WARNING * * *
The troll barely misses you. You block the troll's attack.
The orc warrior hits you with a +0 hand axe!!
* * * LOW HITPOINT WARNING * * *
You hit the troll. You barely miss the troll.
The troll is heavily wounded.
The orc warrior hits you with a +0 trident of pain!
* * * LOW HITPOINT WARNING * * *
You writhe in agony.
* * * LOW HITPOINT WARNING * * *
Unknown command.
You hit the troll. x2; You tail-slap the troll!
The troll is almost dead.
You block the orc warrior's attack. x2
Activating: Trog's Hand (0% risk of failure)
Press: ? - help, Q - select action, (/) - cycle Dir - look around, f - activate Your skin crawls.
You feel strong-willed.
The orc warrior hits you with a +0 hand axe.
You die... ### ##@## #ooo# #oTo#

#...o.o#
#.......#
#.......#
...$.>...#
#..#.#......
...#####....


You could see an orc knight, a troll, an orc sorcerer (strong), 4 orc warriors
and an orc (strong).

Vanquished Creatures
  A centaur warrior (D:13)
  2 two-headed ogres
  An orc knight (D:12)
  2 manticores (D:13)
  Maurice (D:12)
  An ugly thing (D:12)
  A gargoyle (D:12)
  A kobold demonologist (D:9)
  A tengu conjurer (D:9)
  2 hornets
  4 trolls
  Sigmund (D:2)
  A wraith (D:12)
  A shadow (D:11)
  11 yaks
  A wyvern (D:10)
  Eustachio (D:6)
  2 vampire mosquitoes (D:11)
  2 steam dragons
  Menkaure (D:7)
  2 acid dragons
  3 water moccasins
  6 orc warriors
  An ice beast (D:8)
  2 sky beasts
  3 black bears
  4 ogres
  6 centaurs
  2 phantoms
  3 kobold brigands
  2 bullfrogs
  2 gnoll sergeants
  3 scorpions
  15 wights
  6 killer bees
  The ghost of testeroni the Conjurer, a weakling DrCj (D:3)
  A howler monkey (D:13)
  A hound (D:5)
  7 orc priests
  4 jellies
  A gnoll bouda (D:3)
  An iguana (D:6)
  A sleepcap (D:7)
  Natasha (thrice) (D:3)
  6 orc wizards
  12 gnolls
  3 adders
  2 white imps
  2 worms
  41 orcs
  6 endoplasms
  A giant cockroach (D:3)
  4 goblins
  7 hobgoblins
  3 jackals (D:1)
  3 quokkas
  9 ball pythons
  4 bats
  3 frilled lizards
  18 kobolds
  8 rats
250 creatures vanquished.

Vanquished Creatures (collateral kills)
  A two-headed ogre (D:12)
  An orc warrior (D:12)
  4 orcs (D:12)
6 creatures vanquished.

Vanquished Creatures (others)
  2 centaurs (D:13)
2 creatures vanquished.

Grand Total: 258 creatures vanquished

Notes
Turn   | Place    | Note
-------+----------+-------------------------------------------
     0 | D:1      | Curundu the Draconian Berserker began the quest for the
                  | Orb.
     0 | D:1      | Reached XP level 1. HP: 19/19 MP: 1/1
   375 | D:1      | Found a faded altar of an unknown god.
   398 | D:1      | Reached XP level 2. HP: 22/26 MP: 2/2
  1148 | D:2      | Found Ywnethoi's Antique Weapon Shoppe.
  1433 | D:2      | Reached XP level 3. HP: 31/31 MP: 3/3
  1872 | D:2      | Noticed Sigmund
  1880 | D:2      | Reached ** piety under Trog
  1891 | D:2      | Killed Sigmund
  1892 | D:2      | Reached skill level 1 in Short Blades
  1892 | D:2      | Reached skill level 1 in Stealth
  1892 | D:2      | Reached XP level 4. HP: 23/40 MP: 4/4
  1892 | D:2      | Reached XP level 5. HP: 27/46 MP: 5/5
  1969 | D:2      | Found Muymmam's Book Shop.
  2343 | D:3      | Found Siminoul's Book Emporium.
  2365 | D:3      | Reached skill level 2 in Short Blades
  2644 | D:3      | Noticed Natasha
  2651 | D:3      | Killed Natasha
  2799 | D:3      | Noticed Natasha
  2929 | D:3      | Killed Natasha
  2995 | D:3      | Reached XP level 6. HP: 35/52 MP: 6/6
  3142 | D:3      | Noticed Natasha
  3143 | D:3      | Found a runed translucent gate.
  3144 | D:3      | Found a runed translucent gate.
  3144 | D:3      | Found a runed translucent gate.
  3145 | D:3      | Noticed testeroni's ghost (weakling DrCj)
  3155 | D:3      | Killed Natasha
  3186 | D:3      | Killed testeroni's ghost
  3187 | D:3      | Reached skill level 1 in Maces & Flails
  3521 | D:3      | Found a shimmering blue altar of Sif Muna.
  3533 | D:3      | Found a blossoming altar of Fedhas.
  3533 | D:3      | Found a basalt altar of Yredelemnul.
  3533 | D:3      | Found an opulent altar of Gozag.
  3541 | D:3      | Found a snail-covered altar of Cheibriados.
  3874 | D:4      | Gained mutation: Your muscles are strong. (Str +4, Int/Dex
                  | -1) [potion of mutation]
  3874 | D:4      | Gained mutation: You are strong-willed. (Will+) [potion of
                  | mutation]
  4216 | D:4      | Found an ornate altar of the Wu Jian Council.
  4455 | D:5      | Entered Level 5 of the Dungeon
  4654 | D:5      | Your scales start taking on a fiery red colour.
  4654 | D:5      | Reached XP level 7. HP: 60/60 MP: 7/7
  4654 | D:5      | Gained mutation: Your flesh is heat resistant. (rF+) [Red
                  | Draconian growth]
  4655 | D:5      | Reached *** piety under Trog
  4759 | D:5      | Reached skill level 5 in Fighting
  4759 | D:5      | Reached skill level 3 in Short Blades
  4781 | D:5      | Reached skill level 5 in Dodging
  5220 | D:5      | Found a staircase to the Ecumenical Temple.
  5226 | Temple   | Entered the Ecumenical Temple
  5347 | D:6      | Reached XP level 8. HP: 65/69 MP: 8/8
  5523 | D:6      | Reached skill level 4 in Short Blades
  5580 | D:6      | Noticed Eustachio
  5603 | D:6      | Killed Eustachio
  5993 | D:6      | Reached skill level 5 in Short Blades
  6062 | D:6      | Reached skill level 1 in Long Blades
  6414 | D:6      | Found a burning altar of Makhleb.
  6415 | D:6      | Found a stormy altar of Qazlal.
  6632 | D:7      | Noticed Menkaure
  6635 | D:7      | Killed Menkaure
  6636 | D:7      | Reached XP level 9. HP: 75/75 MP: 9/9
  7659 | D:7      | Reached skill level 5 in Long Blades
  8412 | D:8      | Reached skill level 6 in Short Blades
  9134 | D:9      | Reached XP level 10. HP: 72/86 MP: 10/10
  9450 | D:9      | Found Xot Fovi's Armour Shoppe.
  9469 | D:9      | Reached skill level 7 in Short Blades
  9476 | D:9      | Bought a +2 pair of boots of flying for 279 gold pieces
  9520 | D:9      | Found a shimmering altar of Xom.
  9557 | D:9      | Found a staircase to the Lair.
  9672 | D:9      | Noticed an orange demon
  9681 | D:9      | Reached skill level 1 in Shields
  9771 | D:9      | Reached **** piety under Trog
  9876 | D:9      | Paralysed by a hornet for 2 turns
  9882 | D:9      | Paralysed by a hornet for 3 turns
  9888 | D:9      | HP: 4/88 [poisoned by a hornet]
  9998 | D:9      | Reached skill level 8 in Short Blades
 10508 | D:10     | Entered Level 10 of the Dungeon
 10621 | D:10     | Reached skill level 5 in Stealth
 11675 | D:10     | Noticed a two-headed ogre
 11685 | D:10     | Killed a two-headed ogre
 11686 | D:10     | Reached skill level 1 in Evocations
 11686 | D:10     | Reached XP level 11. HP: 86/94 MP: 11/11
 11926 | D:11     | Reached skill level 9 in Short Blades
 12416 | D:11     | Noticed a two-headed ogre
 12429 | D:11     | Killed a two-headed ogre
 13096 | D:12     | You are sucked into a shaft and drop 1 floor!
 13122 | D:13     | Noticed a centaur warrior
 13156 | D:13     | Killed a centaur warrior
 13529 | D:12     | Reached skill level 10 in Short Blades
 13658 | D:12     | Noticed a green ugly thing
 13661 | D:12     | Noticed Maurice
 13677 | D:12     | Killed a green ugly thing
 13679 | D:12     | Maurice stole a ring of fire
 13689 | D:12     | Maurice stole a staff of earth
 13700 | D:12     | Maurice stole 2 boomerangs
 13703 | D:12     | Maurice stole 129 gold
 13710 | D:12     | Something stole 111 gold
 13724 | D:12     | Killed Maurice
 13857 | D:12     | Found Moimin's Assorted Antiques.
 13888 | D:12     | Bought a wand of quicksilver (3) for 403 gold pieces
 13888 | D:12     | Bought a scroll of identify for 64 gold pieces
 13911 | D:12     | Noticed an orc knight
 13927 | D:12     | Found a staircase to the Orcish Mines.
 13970 | D:12     | Killed an orc knight
 14020 | D:12     | Noticed a two-headed ogre
 14030 | D:12     | Killed a two-headed ogre
 14031 | D:12     | Reached skill level 5 in Shields
 14321 | Orc:1    | Entered Level 1 of the Orcish Mines
 14334 | Orc:1    | Noticed an orc knight
 14342 | Orc:1    | Noticed an orc sorcerer
 14347 | Orc:1    | HP: 3/97 [orc warrior/+0 trident of pain (2)]
 14349 | Orc:1    | Slain by an orc warrior

Illustrated notes

Levels and vault maps discovered:
D:1:      enne_arrival_octagon_isle, layout_basic,
          hellmonk_ecumenical_altar_heavens_door, chequers_avenue
D:2:      layout_loops_ring, serial_shops, shop, shop, minmay_hexomino_u4,
          uniq_sigmund
D:3:      layout_basic, minitemple, biasface_ghost_orc_armoury, serial_shops,
          shop_statue, uniq_natasha
D:4:      layout_gridville, nicolae_wu_jian_immortal_techniques,
          chequers_big_river
D:5:      layout_loops_cross, minmay_temple_entry_enclosed_plants
D:6:      layout_gridville, nicolae_overflow_squiral, uniq_eustachio
D:7:      layout_basic, uniq_menkaure
D:8:      layout_cave_pools
D:9:      nicolae_cairo_tiling, layout_layer_cave,
          nicolae_overflow_crystal_walls, serial_shops, nicolae_stop_n_shop_2
D:10:     layout_loops_ring, kennysheep_crisscross
D:11:     layout_basic, nicolae_concentric_dashed_squares_wild
D:12:     layout_big_octagon, david_orc_5, serial_shops, shop, uniq_maurice
D:13:     layout_basic, david_vaults_1, hive_lemuel
Temple:   nicolae_temple_ecumenical_triangle
Orc:1:    layout_diamond_mine

Skill      XL: |  1  2  3  4  5  6  7  8  9 10 11 |
---------------+----------------------------------+-----
Dodging        | 3 4 5 6 7 8 9 |  9.4
Fighting       | 4 5 6 7 8 9 |  9.0
Short Blades   | 1 2 3 5 6 8 10 | 10.5
Stealth        | 1 2 3 4 5 |  5.2
Axes           | 4 |  4.0
Maces & Flails | 2 3 |  3.0
Long Blades    | 3 5 |  5.6
Shields        | 3 5 |  5.2
Evocations     | 1 2 |  2.1
Throwing       | |  0.2

Action                     |  1- 3 |  4- 6 |  7- 9 | 10-12 || total
---------------------------+-------+-------+-------+-------++-------
  Melee: Hand axe          |    28 |       |       |       ||    28
         Tailslap          |    13 |    31 |    88 |   245 ||   377
         Short sword       |    67 |     4 |       |       ||    71
         Punch             |     1 |     4 |     4 |       ||     9
         Whip              |       |    86 |       |       ||    86
         Quick blade       |       |    81 |   400 |  1125 ||  1606
         Great sword       |       |       |    52 |       ||    52
  Throw: Throwing net      |       |       |       |     1 ||     1
         Boomerang         |       |       |       |     1 ||     1
 Invoke: Trog's Hand       |       |       |     4 |     4 ||     8
         Brothers in Arms  |       |       |       |     1 ||     1
Ability: Breathe Fire      |       |       |     8 |    15 ||    23
  Evoke: Wand              |       |       |       |    20 ||    20
    Use: Scroll            |     2 |     4 |     4 |     8 ||    18
         Potion            |       |     1 |     2 |       ||     3
   Stab: Sleeping          |     1 |     1 |     5 |     4 ||    11
 Armour: Skin              |    39 |   100 |   218 |   317 ||   674
  Dodge: Dodged            |    77 |   104 |   267 |   393 ||   841
  Block: Buckler           |       |       |     4 |   202 ||   206

Table legend: (Time is in decaauts)
 A = Elapsed time spent in this place.
 B = Non-inter-level travel time spent in this place.
 C = Inter-level travel time spent in this place.
 D = Time resting spent in this place.
 E = Time spent auto-exploring this place.
 F = Levels seen in this place.
 G = Mean time per level.
                   A        B        C        D        E       F      G
               +--------+--------+--------+--------+--------+-----+--------+
         Total |  14235 |  14229 |      6 |   2748 |      0 |  15 |  949.0 |
       Dungeon |  14190 |  14184 |      6 |   2748 |      0 |  13 | 1091.5 |
        Temple |     24 |     24 |      0 |      0 |      0 |   1 |   24.0 |
  Orcish Mines |     20 |     20 |      0 |      0 |      0 |   1 |   20.0 |
               +--------+--------+--------+--------+--------+-----+--------+

Top non-repeatable levels by time:
     D:7: 1517 daAuts
     D:9: 1418 daAuts
    D:10: 1367 daAuts
     D:6: 1341 daAuts
     D:3: 1262 daAuts
     D:2: 1256 daAuts
    D:11: 1089 daAuts
     D:1: 1085 daAuts
     D:8: 910 daAuts
     D:4: 876 daAuts
    D:12: 838 daAuts
     D:5: 829 daAuts
    D:13: 397 daAuts
  Temple: 24 daAuts
   Orc:1: 20 daAuts
